 Dungeon Crawl Stone Soup version 0.31.0-12-g77e489cdc1 (webtiles) character file.

Game seed: 6310739613795594996

402 unlimited1921 the Magician (level 7, 0/45 HPs)
             Began as a Djinni Fire Elementalist on Mar 1, 2024.
             Slain by an orc
             ... wielding a +0 falchion
              (2 damage)
             ... on level 4 of the Dungeon.
             The game lasted 00:11:37 (8531 turns).

unlimited1921 the Magician (DjFE)                   Turns: 8531, Time: 00:11:38

Health: 0/45       AC:  7    Str:  7    XL:     7   Next: 11%
Gold:   210        EV: 13    Int: 18    God:
                   SH:  0    Dex: 14

rFire   + + .        o - +2 club (spect)
rCold   x . .        (no shield)
rNeg    . . .        a - +0 robe
rPois   ∞            g - +1 helmet
rElec   .            j - +0 cloak
rCorr   .            u - +1 pair of gloves
SInv    .            (boots unavailable)
Will    .....        (no amulet)
Stlth   ++           (no ring)
HPRegen 0.27/turn    (no ring)
MPRegen 0.00/turn

%: infuse magic (-1 HP)
@: flying
A: sickness immunity, fire resistance 2, cold vulnerability 1, float, innate
caster, HP casting, extra vitality 1
a: no special abilities


You were on level 4 of the Dungeon.
You visited 1 branch of the dungeon, and saw 4 of its levels.

You collected 210 gold pieces.

Inventory:

Hand Weapons
 h - a +4 halberd
 o - a +2 spectral club (weapon)
 r - a +1 dagger of venom
Armour
 a - a +0 robe (worn)
 g - a +1 helmet (worn)
 i - a +0 leather armour
 j - a +0 cloak (worn)
 u - a +1 pair of gloves (worn)
 w - a +0 kite shield
Scrolls
 b - a scroll of blinking {unknown}
 d - 2 scrolls of immolation {unknown}
 f - a scroll of teleportation {unknown}
 p - a scroll of enchant armour
 q - a scroll of vulnerability {unknown}
 s - a scroll of brand weapon {unknown}
Potions
 c - 2 potions of resistance {unknown}
 e - 3 potions of might {unknown}
 l - 2 potions of attraction {unknown}
 m - a potion of enlightenment {unknown}
 n - a potion of curing {unknown}
 t - a potion of mutation {unknown}
 v - a potion of lignification {unknown}


   Skills:
 + Level 0.3 Fighting
 + Level 3.4 Dodging
 + Level 3.9 Stealth
 + Level 4.9 Spellcasting
 + Level 4.9 Conjurations
 + Level 4.9 Hexes
 + Level 4.9 Summonings
 + Level 4.9 Necromancy
 + Level 4.9 Translocations
 + Level 4.9 Fire Magic
 + Level 4.9 Ice Magic
 + Level 4.9 Air Magic
 + Level 4.9 Earth Magic
 + Level 4.9 Alchemy


You knew the following spells:

 Your Spells              Type           Power      Damage    Failure   Level
a - Foxfire               Conj/Fire      88%        2x1d8     1%          1
b - Scorch                Fire           44%        2d6       2%          2
c - Volatile Blastmotes   Fire/Tloc      44%        2d13      5%          3
d - Inner Flame           Hex/Fire       22%        N/A       5%          3
e - Flame Wave            Conj/Fire      22%        2d8       17%         4
f - Necrotise             Necr           88%        1d8       1%          1
g - Blink                 Tloc           44%        N/A       2%          2
h - Gell's Gravitas       Tloc           22%        N/A       5%          3
Your spell library was empty.

Dungeon Overview and Level Annotations

Branches:
Dungeon (4/15)
 Temple: D:4-7

Altars:


Innate Abilities, Weirdness & Mutations

You are immune to sickness and miasma.
You are immune to poison.
Your flesh is very heat resistant. (rF++)
You are vulnerable to cold. (rC-)
You float through the air rather than walking.
You learn spells naturally, not from books.
Your magical power is your life essence.
You have superior vitality. (+4 MHP)


Message History

* * * LOW HITPOINT WARNING * * *
The black bear closely misses you. The black bear claws you.
* * * LOW HITPOINT WARNING * * *
The black bear closely misses you. The black bear misses you.
The black bear claws you.
* * * LOW HITPOINT WARNING * * *
The black bear claws you but does no damage.
Casting: Scorch (safe; 3% risk of failure)
Confirm with . or Enter, or press ? or * to list all spells.
Flames lash the black bear.
The black bear is burned terribly!
You kill the black bear!
* * * LOW HITPOINT WARNING * * *
You have reached level 7!
The power to cast Gell's Gravitas wells up from within.
Spell assigned to 'h'.
An orc comes into view. It is wielding a +0 falchion.
An orc comes into view. It is wielding a +0 hand axe.
An orc wizard comes into view. It is wielding a +0 dagger.
The orc attacks as it pursues you! The orc closely misses you.
The orc attacks as it pursues you! The orc barely misses you.
The orc hits you but does no damage.
There is an open door here.
You are too injured to fight recklessly!
Casting: Scorch (safe; 2% risk of failure)
Confirm with . or Enter, or press ? or * to list all spells.
You conjure some foxfire!
* * * LOW HITPOINT WARNING * * *
The orc hits you with a +0 falchion.
* * * LOW HITPOINT WARNING * * *
The foxfire hits the orc.
The orc is almost dead.
The foxfire hits the orc but does no damage.
The orc is almost dead.
Sorry, you're not good enough to have a special ability.
Casting: Foxfire (safe; 1% risk of failure)
Confirm with . or Enter, or press ? or * to list all spells.
You conjure some foxfire!
* * * LOW HITPOINT WARNING * * *
The orc hits you with a +0 falchion.
You die...

#######.## .........#
.........# .........######
###### o........#....# #.#..#
.........#....# ####.#....##.
.........#....# #... #.#.....
.........#..vv###.##.#.#<.###
.........'.o@................
.........#..#####'#######)###
.........#..###.....###..[).#
.........#..##.....###.....##
.........#.:#.....###...).###
##########..#.†..###..)..###.
#..'...###.....###..
#..#..######)####...
#..#.###.#.[...#....


You could see an orc (ally target).

Vanquished Creatures
  A black bear (D:4)
  A wight (D:4)
  Jessica (D:2)
  An iguana (D:4)
  3 orc wizards (D:4)
  Robin (D:4)
  4 adders
  A dart slug (D:2)
  An orc (D:3)
  5 endoplasms
  4 giant cockroaches
  15 goblins
  9 hobgoblins
  3 jackals (D:1)
  3 kobolds
  A quokka (D:4)
  9 ball pythons
  6 bats
  4 frilled lizards
  4 rats
77 creatures vanquished.

Vanquished Creatures (others)
  327 foxfires
327 creatures vanquished.

Grand Total: 404 creatures vanquished

Notes
Turn   | Place    | Note
-------+----------+-------------------------------------------
     0 | D:1      | unlimited1921 the Djinni Fire Elementalist began the quest
                  | for the Orb.
     0 | D:1      | unlimited1921 set off with the following spells memorised:
                  | Foxfire, Scorch, Volatile Blastmotes, Inner Flame, Flame
                  | Wave.
     0 | D:1      | Reached XP level 1. HP: 15/15 MP: 0/0
   502 | D:1      | Reached XP level 2. HP: 18/21 MP: 0/0
  1826 | D:1      | Reached XP level 3. HP: 23/25 MP: 0/0
  1826 | D:1      | Learned a level 1 spell: Necrotise
  5717 | D:2      | Noticed Jessica
  5721 | D:2      | Killed Jessica
  5722 | D:2      | Reached XP level 4. HP: 27/31 MP: 0/0
  6775 | D:3      | Reached XP level 5. HP: 30/35 MP: 0/0
  6775 | D:3      | Learned a level 2 spell: Blink
  7685 | D:3      | Found a faded altar of an unknown god.
  8082 | D:4      | Noticed Robin
  8113 | D:4      | Killed Robin
  8114 | D:4      | Reached XP level 6. HP: 14/40 MP: 0/0
  8492 | D:4      | Noticed a black bear
  8516 | D:4      | Killed a black bear
  8517 | D:4      | Reached XP level 7. HP: 1/45 MP: 0/0
  8517 | D:4      | Learned a level 3 spell: Gell's Gravitas
  8531 | D:4      | Slain by an orc

Illustrated notes

Levels and vault maps discovered:
D:1:      arrival_zaba_pyramid, layout_basic
D:2:      layout_rooms, minmay_box_of_dots, uniq_jessica
D:3:      minmay_skewed_foursquare, layout_basic,
          shapermc_ecumenical_altar_pompeii
D:4:      layout_basic, gammafunk_ghost_icy, minmay_quadrilaterals, uniq_robin

Skill      XL: |  1  2  3  4  5  6 |
---------------+-------------------+-----
Stealth        | 2 3 |  3.9
Spellcasting   | 4 |  4.9
Conjurations   | 4 |  4.9
Hexes          | 4 |  4.9
Summonings     | 4 |  4.9
Necromancy     | 4 |  4.9
Translocations | 4 |  4.9
Fire Magic     | 4 |  4.9
Ice Magic      | 4 |  4.9
Air Magic      | 4 |  4.9
Earth Magic    | 4 |  4.9
Alchemy        | 4 |  4.9
Dodging        | 3 |  3.4
Fighting       | |  0.3

Action                     |  1- 3 |  4- 6 |  7- 9 || total
---------------------------+-------+-------+-------++-------
  Melee: Club              |       |     1 |       ||     1
   Cast: Foxfire           |   111 |    91 |     2 ||   204
         Scorch            |       |    18 |       ||    18
         Inner Flame       |       |     7 |       ||     7
    Use: Scroll            |       |     3 |       ||     3
         Potion            |       |     1 |       ||     1
 Armour: Robe              |       |    22 |     3 ||    25
  Dodge: Dodged            |     1 |    15 |     2 ||    18
